 Dungeon Crawl Stone Soup version 0.27.1-4-g1640c2035a (webtiles) character file.

Game seed: 13737496938747132757

6267 CuBeRJAN3 the Fighter (level 10, -8/94 HPs)
             Began as a Black Draconian Berserker on Nov 4, 2021.
             Was a Priest of Trog.
             Mangled by a centaur warrior simulacrum (17 damage)
             ... on level 10 of the Dungeon.
             The game lasted 00:29:44 (11640 turns).

CuBeRJAN3 the Fighter (Black Draconian Berserker)  Turns: 11640, Time: 00:29:45

Health: -8/94      AC:  8    Str: 21    XL:     10   Next: 62%
Magic:  10/10      EV: 21    Int:  8    God:    Trog [***...]
Gold:   525        SH:  5    Dex: 18    Spells: 9/9 levels left

rFire    . . .     SeeInvis .   K - +5 hand axe (freeze)
rCold    . . .     Faith    .   a - +0 buckler
rNeg     . . .     Spirit   .   (armour unavailable)
rPois    .         Reflect  .   (helmet restricted)
rElec    +         Harm     .   (no cloak)
rCorr    .         Rampage  .   k - +0 pair of gloves
Will     .....                  (no boots)
Stlth    ++........             (no amulet)
HPRegen  0.25/turn              I - +4 ring of evasion
MPRegen  0.12/turn              o - +6 ring of dexterity

@: slowed, very slow
A: breathe lightning, AC +7, unfitting armour, electricity resistance,
cold-blooded
a: Breathe Lightning, Renounce Religion, Berserk, Trog's Hand


You were on level 10 of the Dungeon.
You worshipped Trog.
Trog was most pleased with you.
You visited 2 branches of the dungeon, and saw 11 of its levels.

You collected 658 gold pieces.
You spent 133 gold pieces at shops.

Inventory:

Hand Weapons
 G - a +4 dire flail of protection
 K - a +5 hand axe of freezing (weapon)
Missiles
 b - a throwing net
 w - 11 atropa-tipped darts (quivered)
Armour
 a - a +0 buckler (worn)
 k - a +0 pair of gloves (worn)
Jewellery
 h - a ring of resist corrosion
 o - a +6 ring of dexterity (right hand)
 p - the amulet "Plog" {Harm Regen+}
   (You bought it in a shop on level 3 of the Dungeon)

   [amulet of regeneration]

   Regen:     It increases your rate of health regeneration.
   Harm:      It increases damage dealt and taken.
 t - a ring of poison resistance
 y - a ring of willpower
 I - a +4 ring of evasion (left hand)
 N - a +4 ring of protection
Wands
 s - a wand of flame (29)
 D - a wand of iceblast (7)
Scrolls
 c - a scroll of vulnerability
 e - a scroll of summoning
 g - 2 scrolls of noise {unknown}
 i - 5 scrolls of magic mapping {unknown}
 j - a scroll of enchant armour {unknown}
 n - a scroll of immolation {unknown}
 q - 4 scrolls of teleportation
 v - a scroll of blinking {unknown}
 B - 2 scrolls of amnesia {unknown}
 H - 3 scrolls of brand weapon {unknown}
 J - a scroll of fear {unknown}
 M - a scroll of fog {unknown}
 O - a scroll of identify
Potions
 d - a potion of mutation {unknown}
 f - 5 potions of curing
 l - a potion of cancellation {unknown}
 m - 2 potions of heal wounds {unknown}
 r - 2 potions of resistance {unknown}
 u - a potion of ambrosia {unknown}
 x - a potion of invisibility {unknown}
 z - a potion of berserk rage {unknown}
 A - a potion of attraction {unknown}
 C - a potion of brilliance {unknown}
 E - a potion of magic {unknown}
 F - a potion of lignification {unknown}
 L - a potion of flight {unknown}


   Skills:
 * Level 10.6 Fighting
 + Level 7.5 Axes
 * Level 8.9 Dodging
 + Level 3.2 Shields
 + Level 5.6 Evocations


You had 9 spell levels left.
You didn't know any spells.
Your spell library was empty.

Dungeon Overview and Level Annotations

Branches:
Dungeon (10/15)            Temple (1/1) D:4            Lair (0/6) D:9
    Orc (0/2) D:9

Altars:
Ashenzari
Cheibriados
Dithmenos
Elyvilon
Fedhas
Gozag
Hepliaklqana
Kikubaaqudgha
Makhleb
Nemelex Xobeh
Okawaru
Qazlal
Ru
Sif Muna
Trog
Uskayaw
Vehumet
Wu Jian
Xom
Yredelemnul
Zin
The Shining One

Shops:
D:3 *   D:4 =   D:6 :

Annotations:
D:10 exclusion: fire dragon


Innate Abilities, Weirdness & Mutations

You can breathe wild blasts of lightning.
Your glossy black scales are hard. (AC +7)
You cannot fit into any form of body armour.
You are resistant to electric shocks. (rElec)
You are cold-blooded and may be slowed by cold attacks.


Message History

You block the centaur warrior simulacrum's attack. x2
The orc warrior misses you.
You barely miss the orc warrior.
You barely miss the centaur warrior simulacrum.
The centaur warrior simulacrum hits you.
The centaur warrior simulacrum freezes you!!
The centaur warrior simulacrum kicks you but does no damage.
The orc warrior completely misses you.
You block the centaur warrior simulacrum's attack.
The centaur warrior simulacrum kicks you but does no damage.
The orc warrior completely misses you.
The centaur warrior simulacrum hits you.
The centaur warrior simulacrum freezes you!!
You feel yourself slow down.
* * * LOW HITPOINT WARNING * * *
The centaur warrior simulacrum barely misses you.
Okay, then.
Okay, then.
As you read the scroll of teleportation, it crumbles to dust.
You feel strangely unstable.
You block the centaur warrior simulacrum's attack.
The centaur warrior simulacrum barely misses you.
The orc warrior completely misses you.
The centaur warrior simulacrum misses you. x2
You feel yourself speed up.
The centaur warrior simulacrum misses you.
You block the centaur warrior simulacrum's attack.
The orc warrior hits you from afar with a +0 halberd!
* * * LOW HITPOINT WARNING * * *
The centaur warrior simulacrum misses you.
You block the centaur warrior simulacrum's attack.
Your surroundings seem slightly different.
The centaur warrior simulacrum closely misses you.
The centaur warrior simulacrum completely misses you.
You block the centaur warrior simulacrum's attack.
The centaur warrior simulacrum kicks you.
* * * LOW HITPOINT WARNING * * *
The centaur warrior simulacrum freezes you!
You feel yourself slow down.
You die... # ####...........##..# ............ ##.# ###...##....###..# ...........#...# $$$$$

........#....Y.+ }D.
........#...o..# ..$
.............# $..
.......Z.....# ##.##
..#......@.....# ...
.#..............#####+#####
#......#....<................
#......#.##...#..............
.....#.#..#.#.#..............
#....#.....##........##......
#..#......(...#.#............
##..#..........##.............
#.............................


You could see a yak, an orc warrior and a centaur warrior simulacrum.

Vanquished Creatures
  A two-headed ogre (D:9)
  Sonja (D:10)
  Joseph (D:7)
  A troll (D:7)
  Grinder (D:4)
  2 centaur simulacra (D:10)
  A wyvern (D:9)
  A steam dragon (D:7)
  2 vampire mosquitoes (D:7)
  Edmund (D:4)
  2 wargs (D:9)
  Menkaure (D:4)
  A black bear (D:4)
  3 orc warriors
  2 ice beasts (D:10)
  A necrophage (D:6)
  A hornet zombie (D:9)
  3 ogres
  2 wolves (D:9)
  2 centaurs
  Blork the orc (D:4)
  3 bullfrogs
  2 scorpions
  A wyvern zombie (D:8)
  A gnoll sergeant (D:7)
  A water moccasin zombie (D:6)
  A wyvern skeleton (D:7)
  9 wights
  A howler monkey (D:7)
  A centaur zombie (D:9)
  4 orc priests
  A gnoll shaman (D:7)
  A hound (D:5)
  A bullfrog skeleton (D:5)
  Terence (D:2)
  2 iguanas
  Natasha (thrice) (D:3)
  4 orc wizards
  2 killer bee zombies (D:7)
  10 gnolls
  9 adders
  2 shadow imps
  2 white imps
  An ufetubus (D:4)
  2 worms
  2 dart slugs
  15 orcs
  6 ball pythons
  9 bats
  7 endoplasms
  A giant cockroach (D:1)
  6 goblins
  5 hobgoblins
  7 quokkas
  2 frilled lizards (D:1)
  3 kobolds
  4 rats
163 creatures vanquished.

Vanquished Creatures (others)
  13 fungi (D:4)
  5 plants (D:4)
18 creatures vanquished.

Grand Total: 181 creatures vanquished

Notes
Turn   | Place    | Note
-------+----------+-------------------------------------------
     0 | D:1      | CuBeRJAN3 the Draconian Berserker began the quest for the
                  | Orb.
     0 | D:1      | Reached XP level 1. HP: 19/19 MP: 1/1
   128 | D:1      | Reached XP level 2. HP: 26/26 MP: 2/2
   662 | D:1      | You fall into a shaft and drop 1 floor!
   754 | D:2      | Found a faded altar of an unknown god.
   765 | D:2      | Reached XP level 3. HP: 33/33 MP: 3/3
   773 | D:2      | Reached ** piety under Trog
  1373 | D:2      | Noticed Terence
  1383 | D:2      | Killed Terence
  1384 | D:2      | Reached skill level 4 in Fighting
  1502 | D:2      | Reached XP level 4. HP: 26/40 MP: 4/4
  1865 | D:3      | Noticed Natasha
  1874 | D:3      | Killed Natasha
  1992 | D:3      | Noticed Natasha
  2177 | D:3      | Killed Natasha
  2285 | D:3      | Reached XP level 5. HP: 38/47 MP: 5/5
  2604 | D:3      | Noticed Natasha
  2617 | D:3      | Killed Natasha
  2780 | D:3      | Found Gounlo's Assorted Antiques.
  2784 | D:3      | Bought a wavering pewter amulet for 95 gold pieces
  2784 | D:3      | Identified the amulet "Plog" {Harm Regen+} (You bought it
                  | in a shop on level 3 of the Dungeon)
  2863 | D:3      | You fall into a shaft and drop 3 floors!
  2900 | D:6      | Noticed a centaur
  2911 | D:6      | Killed a centaur
  2912 | D:6      | Reached skill level 5 in Fighting
  3030 | D:6      | Reached XP level 6. HP: 56/56 MP: 6/6
  3061 | D:6      | Found a snail-covered altar of Cheibriados.
  3080 | D:5      | Entered Level 5 of the Dungeon
  3478 | D:5      | Found a bloodstained altar of Trog.
  3812 | D:3      | Found a sparkling altar of Nemelex Xobeh.
  3813 | D:3      | Found an opulent altar of Gozag.
  4068 | D:4      | Noticed Menkaure
  4262 | D:4      | Found Siheot's Jewellery Shoppe.
  4442 | D:4      | Found a staircase to the Ecumenical Temple.
  4732 | D:5      | Reached skill level 6 in Fighting
  4732 | D:5      | Your scales start taking on a glossy black colour.
  4732 | D:5      | Reached XP level 7. HP: 52/63 MP: 7/7
  4732 | D:5      | Gained mutation: You are resistant to electric shocks.
                  | (rElec) [Black Draconian growth]
  4960 | D:5      | Found a blossoming altar of Fedhas.
  5052 | D:5      | Found a sacrificial altar of Ru.
  5422 | D:6      | Reached skill level 1 in Evocations
  5509 | D:6      | Reached skill level 5 in Dodging
  5641 | D:6      | Reached skill level 5 in Axes
  5719 | D:6      | Found Xutueq's Book Shoppe.
  5969 | D:6      | Found an iron altar of Okawaru.
  6219 | D:7      | Found a white marble altar of Elyvilon.
  6383 | D:3      | Bought a scroll labelled WOUKLI UPPO for 19 gold pieces
  6383 | D:3      | Bought a scroll labelled CUBIYP HANYLI for 19 gold pieces
  6540 | D:7      | Reached *** piety under Trog
  6919 | D:7      | Noticed a vampire mosquito
  6920 | D:7      | Noticed a vampire mosquito
  6930 | D:7      | Killed a vampire mosquito
  6931 | D:7      | Reached skill level 7 in Fighting
  6931 | D:7      | Reached XP level 8. HP: 73/73 MP: 8/8
  7004 | D:7      | Found a stormy altar of Qazlal.
  7269 | D:7      | Noticed a troll
  7283 | D:7      | Killed a troll
  7447 | D:7      | Noticed Joseph
  7469 | D:7      | Killed Joseph
  7470 | D:7      | Reached skill level 8 in Fighting
  8025 | D:4      | Found Siheot's Jewellery Shoppe.
  8140 | D:4      | Found a staircase to the Ecumenical Temple.
  8150 | D:4      | Reached XP level 9. HP: 82/82 MP: 9/9
  8152 | D:4      | Killed Menkaure
  8189 | D:4      | Noticed Blork the orc
  8193 | Temple   | Entered the Ecumenical Temple
  8383 | D:4      | Killed Blork the orc
  8561 | D:4      | Noticed Edmund
  8571 | D:4      | Killed Edmund
  8819 | D:4      | Noticed Grinder
  9006 | D:4      | Found a glowing silver altar of Zin.
  9008 | D:4      | Killed Grinder
  9009 | D:4      | Reached skill level 9 in Fighting
  9698 | D:7      | Reached skill level 1 in Shields
 10348 | D:9      | Found a staircase to the Orcish Mines.
 10625 | D:9      | Reached **** piety under Trog
 10626 | D:9      | Reached XP level 10. HP: 91/93 MP: 10/10
 10635 | D:9      | Found a glowing golden altar of the Shining One.
 10639 | D:9      | Found a staircase to the Lair.
 10645 | D:9      | Noticed a two-headed ogre
 10663 | D:9      | Killed a two-headed ogre
 10664 | D:9      | Reached skill level 10 in Fighting
 10664 | D:9      | Reached skill level 5 in Evocations
 10988 | D:10     | Entered Level 10 of the Dungeon
 10988 | D:10     | Noticed Sonja
 10991 | D:10     | Killed Sonja
 11586 | D:10     | Noticed a fire dragon
 11640 | D:10     | Mangled by a centaur warrior simulacrum

Illustrated notes

Levels and vault maps discovered:
D:1:      amcnicky_arrival_blooded_trapdoor, layout_rooms, minivault_11
D:2:      layout_loops_ring, ebering_ecumenical_altar_mist, uniq_terence
D:3:      layout_basic, grunt_temple_overflow_opulence, serial_shops,
          shop_coins, uniq_natasha
D:4:      layout_basic, nicolae_overflow_hidden_temple,
          minmay_temple_entry_gardened_gates, serial_aquarium,
          aquarium_bridge_square [aquarium_subvault_bridge,
          aquarium_subvault_window, aquarium_subvault_bridge,
          aquarium_subvault_wall], aquarium_bridge_island_small
          [aquarium_subvault_small_open, aquarium_subvault_balcony,
          aquarium_subvault_wall, aquarium_subvault_bridge,
          aquarium_subvault_bridge], aquarium_window_3, aquarium_window_corner,
          aquarium_window_fake, aquarium_window_1, aquarium_view_2d,
          aquarium_balcony_5a, aquarium_pool_four, serial_shops,
          nicolae_diamond_shop, uniq_menkaure, uniq_edmund, uniq_blork_the_orc,
          uniq_grinder
D:5:      layout_basic, mainiacjoe_overflow_catwalk_spiral,
          lightli_temple_of_fire
D:6:      layout_loops_ring, kennysheep_okawaru_gauntlet,
          kennysheep_slug_shrine, serial_shops, nicolae_lakefront_shop
D:7:      layout_loops_ring, nicolae_qazlal_eye_of_the_storm,
          lemuel_round_altar, corexii_hall_statues_deadend, uniq_joseph
D:8:      layout_loops_cross
D:9:      layout_roguey, tso_metal_star, erik_lair_orcish_takeover, orc_0_dummy
D:10:     minmay_the_grid_3x2 [minmay_the_grid_eight, minmay_the_grid_large_cup,
          minmay_the_grid_diamond_grid, minmay_the_grid_medium_cups,
          minmay_the_grid_dragon_b, minmay_the_grid_prize_trominoes],
          layout_cave_pools, serial_ice, serial_ice_h, serial_ice_n,
          serial_ice_b, serial_ice_i, serial_ice_o, serial_ice_a, serial_ice_c,
          serial_ice_g, uniq_sonja
Temple:   jpeg_temple_clearing

Skill      XL: |  1  2  3  4  5  6  7  8  9 10 |
---------------+-------------------------------+-----
Fighting       | 4 5 6 7 8 9 10 | 10.6
Dodging        | 3 4 5 6 8 |  8.9
Axes           | 4 5 6 7 |  7.5
Evocations     | 2 3 4 5 |  5.6
Shields        | 1 3 |  3.2

Action                   |  1- 3 |  4- 6 |  7- 9 | 10-12 || total
-------------------------+-------+-------+-------+-------++-------
Melee: Hand axe          |    95 |   180 |   317 |    55 ||   647
       Tailslap          |     4 |    25 |    54 |     9 ||    92
Invok: Berserk           |     2 |     2 |    15 |     2 ||    21
       Trog's Hand       |       |       |     3 |     2 ||     5
 Abil: Breathe Lightning |       |       |     7 |     1 ||     8
Evoke: Wand              |       |       |       |     3 ||     3
  Use: Scroll            |       |       |     6 |     1 ||     7
 Stab: Sleeping          |     1 |     2 |     1 |       ||     4
Armor: Skin              |    21 |    54 |    70 |    23 ||   168
Dodge: Dodged            |    68 |   114 |   246 |    91 ||   519
Block: Buckler           |       |       |    10 |    31 ||    41
